 Dungeon Crawl Stone Soup version 0.19-a0-1384-gbb462ca (webtiles) character file.

3191 aronpayne the Shield-Bearer (level 10, -1/79 HPs)
             Began as a Formicid Fighter on Sept 3, 2016.
             Was an Elder of Okawaru.
             Slain by a wolf spider (3 damage)
             ... on level 9 of the Dungeon.
             The game lasted 00:35:33 (9392 turns).

aronpayne the Shield-Bearer (Formicid Fighter)      Turns: 9392, Time: 00:35:34

Health: -1/79      AC: 14    Str: 23    XL:     10   Next: 16%
Magic:  11/13      EV: 12    Int:  8    God:    Okawaru [****..]
Gold:   543        SH: 19    Dex: 11    Spells: 1 memorised, 11 levels left

rFire  + . .     SeeInvis +     a - +0 long sword
rCold  + . .     Gourm    .     j - +2 chain mail {rF+}
rNeg   . . .     Faith    +     p - +0 large shield
rPois  .         Spirit   .     (helmet unavailable)
rElec  .         Dismiss  .     (no cloak)
rCorr  .         Reflect  .     (no gloves)
MR     ++...     Harm     .     (no boots)
Stlth  ..........               z - amulet of faith
                                B - ring of protection from magic
                                m - ring of protection from cold

@: heroism, flying (expiring)
A: permanent stasis, dig shafts and tunnels, four strong arms, antennae 3,
deterioration 1, MP-powered wands
a: Dig, Shaft Self, Heroism, Renounce Religion


You were on level 9 of the Dungeon.
You worshipped Okawaru.
Okawaru was greatly pleased with you.
You were not hungry.

You visited 1 branch of the dungeon, and saw 9 of its levels.

You collected 543 gold pieces.

Inventory:

Hand Weapons
 a - a +0 long sword (weapon)
Armour
 j - a +2 chain mail of fire resistance (worn)
 p - a +0 large shield (worn)
 C - a +0 plate armour
 E - a +0 steam dragon armour
Jewellery
 m - a ring of protection from cold (left hand)
 z - an amulet of faith (around neck)
 A - an uncursed ring of ice
 B - a ring of protection from magic (right hand)
Wands
 c - a wand of slowing (19/48)
 l - a wand of iceblast (5/15)
 x - a wand of confusion (24/48)
 y - a wand of flame (26/48)
Scrolls
 d - 2 scrolls of amnesia {unknown}
 e - a scroll of teleportation {unknown}
 g - 2 scrolls of recharging {unknown}
 i - 3 scrolls of remove curse
 k - 2 scrolls of fear {unknown}
 o - 2 scrolls of noise {unknown}
 r - a scroll of identify
 s - 2 scrolls of fog {unknown}
 t - a scroll of enchant weapon {unknown}
 u - a scroll of immolation {unknown}
 w - a scroll of random uselessness {unknown}
Potions
 q - a potion of flight
Books
 b - Wir Naij's Almanac of Unstable Ice
   (You found it on level 7 of the Dungeon)

   Spells                             Type                      Level
   a - Sticks to Snakes               Transmutation                2
   b - Irradiate                      Conjuration/Transmutation    5
   c - Metabolic Englaciation         Hexes/Ice                    5
   d - Statue Form                    Transmutation/Earth          6
 h - a book of the Dragon

   Spells                             Type                      Level
   a - Flame Tongue                   Conjuration/Fire             1
   b - Cause Fear                     Hexes                        4
   c - Bolt of Fire                   Conjuration/Fire             6
   d - Dragon Form                    Transmutation                7
   e - Dragon's Call                  Summoning                    9
 v - a book of Ice

   Spells                             Type                      Level
   a - Ice Form                       Ice/Transmutation            4
   b - Metabolic Englaciation         Hexes/Ice                    5
   c - Ozocubu's Refrigeration        Ice                          6
   d - Bolt of Cold                   Conjuration/Ice              6
   e - Freezing Cloud                 Conjuration/Ice/Air          6
   f - Simulacrum                     Ice/Necromancy               6
Comestibles
 f - 12 bread rations
 n - a meat ration
 D - a beef jerky
 F - 4 fruits
 H - 5 chunks of flesh


   Skills:
 + Level 7.1(12.1) Fighting
 + Level 6.0(11.0) Long Blades
 + Level 7.0(12.0) Armour
 + Level 5.1(10.1) Dodging
 + Level 7.8(12.8) Shields
 + Level 2.2 Spellcasting
 + Level 1.4 Transmutations
 + Level 3.9 Invocations


You had 11 spell levels left.
You knew the following spells:

 Your Spells              Type           Power        Failure   Level  Hunger
a - Sticks to Snakes      Tmut           #.......     99%         2    ###....


Dungeon Overview and Level Annotations

Branches:
Dungeon (9/15)             Temple (0/1) D:7
   Lair: D:8-11         Orc: D:9-12

Altars:
Fedhas
Hepliaklqana
Makhleb
Okawaru
Ru
Sif Muna
Trog
Zin

Shops:
D:8 ?


Innate Abilities, Weirdness & Mutations

You are under a permanent stasis effect.
You can dig through walls and to a lower floor.
Your four strong arms can wield two-handed weapons with a shield.
You have a pair of large antennae on your head. (SInv)
Your body sometimes deteriorates upon taking damage.
You expend magic power (3 MP) to strengthen your wands.


Message History

You hear a grinding noise.
The deep troll earth mage points at you and mumbles some strange words.
The wall shatters!
The blast of rock fragments hits you!
The deep elf mage casts a spell.
The deep elf mage blinks!
The deep elf mage mumbles some strange words.
You block the wolf spider's attack. x2
You are starting to lose your buoyancy.
The deep troll earth mage casts a spell next to the wolf spider.
The wolf spider falls off the wall.
Some rock shatters into small pieces.
The deep elf mage mumbles some strange words.
The deep elf mage blinks!
The wolf spider hits you!
* * * LOW HITPOINT WARNING * * *
The wolf spider bites you but does no damage.
You block the wolf spider's attack. The wolf spider bites you.
* * * LOW HITPOINT WARNING * * *
You gain the combat prowess of a mighty hero.
You block the wolf spider's attack. The wolf spider bites you.
You die...

#....#.#.Z .#..# ## #
#....##+# #+#ZY.#
.#$#...#{$# #..#e##
..###..#Y.+ #..#.#
#.#....######'##T#
#..##.#.....'..#.#
#.##..'..#..#..#.#
#.###.##########s#
#.# #..........@.#
##.######..##..######
..........##........#
.#.######.##.######.#
....## #.......##
.....# #.#......###
#...## #..##(.....#
##.## #.###......#
#.# #.#........#


You could see a wolf spider, a deep troll earth mage, a deep elf mage and an ice
beast.

Vanquished Creatures
  Prince Ribbit (D:7)
  Grinder (D:3)
  A spriggan (D:7)
  Sigmund (D:3)
  A hungry ghost (D:7)
  A steam dragon (D:7)
  4 ice beasts
  A sky beast (D:7)
  An orc warrior (D:7)
  A wolf (D:7)
  3 ogres
  3 giant frogs
  The ghost of Xiguana the Vexing, an amateur SpAM (D:3)
  A scorpion (D:4)
  2 howler monkeys
  4 crimson imps
  4 orc priests
  A hound (D:8)
  A jelly (D:8)
  6 orc wizards
  2 iguanas
  5 worker ants
  Robin (D:4)
  A howler monkey zombie (D:8)
  9 adders
  A gnoll (D:1)
  A shadow imp (D:7)
  3 white imps (D:8)
  A worker ant simulacrum (D:8)
  2 ufetubi
  3 oozes
  2 adder skeletons (D:5)
  5 worms
  2 dart slugs
  An adder simulacrum (D:8)
  4 giant geckos
  16 orcs
  7 giant cockroaches
  20 goblins
  8 hobgoblins
  12 jackals
  2 quokkas (D:2)
  2 ball pythons
  10 bats
  A giant gecko zombie (D:5)
  5 giant newts
  8 kobolds
  2 quokka skeletons
  11 rats
186 creatures vanquished.

Vanquished Creatures (others)
  A white imp (D:8)
1 creature vanquished.

Grand Total: 187 creatures vanquished

Notes
Turn   | Place    | Note
-------+----------+-------------------------------------------
     0 | D:1      | aronpayne the Formicid Fighter began the quest for the Orb.
     0 | D:1      | Reached XP level 1. HP: 18/18 MP: 1/1
    21 | D:1      | Reached XP level 2. HP: 15/24 MP: 2/2
   524 | D:1      | Reached XP level 3. HP: 22/29 MP: 3/3
  1116 | D:2      | Reached XP level 4. HP: 26/37 MP: 4/4
  1118 | D:2      | Reached skill level 1 in Dodging
  1386 | D:2      | Found a glowing silver altar of Zin.
  1516 | D:2      | Found a sacrificial altar of Ru.
  1523 | D:2      | Reached XP level 5. HP: 42/42 MP: 5/5
  1819 | D:2      | Found an iron altar of Okawaru.
  1843 | D:2      | Became a worshipper of Warmaster Okawaru
  2101 | D:3      | Noticed Xiguana's ghost (amateur SpAM)
  2103 | D:3      | Noticed an ogre
  2181 | D:3      | Killed Xiguana's ghost
  2181 | D:3      | Reached XP level 6. HP: 24/48 MP: 6/6
  2416 | D:3      | Killed an ogre
  2416 | D:3      | Reached skill level 5 in Shields
  2801 | D:3      | Found a blossoming altar of Fedhas.
  2862 | D:3      | Noticed Grinder
  2986 | D:3      | Killed Grinder
  2986 | D:3      | Reached * piety under Okawaru
  2986 | D:3      | Reached XP level 7. HP: 7/55 MP: 7/7
  3363 | D:3      | Noticed Sigmund
  3382 | D:3      | Killed Sigmund
  3382 | D:3      | Reached skill level 5 in Fighting
  3382 | D:3      | Reached skill level 5 in Armour
  3884 | D:4      | Reached XP level 8. HP: 59/62 MP: 8/8
  4105 | D:4      | Noticed Robin
  4165 | D:4      | Killed Robin
  4691 | D:5      | Entered Level 5 of the Dungeon
  5615 | D:6      | Reached ** piety under Okawaru
  5727 | D:6      | Found a hazy altar of Hepliaklqana.
  5793 | D:6      | Found a deep blue altar of Sif Muna.
  5793 | D:6      | Found a bloodstained altar of Trog.
  6186 | D:7      | Reached skill level 5 in Long Blades
  6186 | D:7      | Reached skill level 1 in Invocations
  6186 | D:7      | Reached XP level 9. HP: 69/69 MP: 9/9
  6303 | D:7      | Gained mutation: You are clumsy. (Dex -2) [mutagenic meat]
  6306 | D:7      | Gained mutation: You are dopey. (Int -2) [mutagenic meat]
  6309 | D:7      | Gained mutation: You are very clumsy. (Dex -4) [mutagenic meat]
  6312 | D:7      | Gained mutation: You have an increased reservoir of magic. (+10% MP) [mutagenic meat]
  6609 | D:7      | Noticed Prince Ribbit
  6788 | D:7      | Found a staircase to the Ecumenical Temple.
  6789 | D:7      | Found a burning altar of Makhleb.
  6833 | D:7      | Identified Wir Naij's Almanac of Unstable Ice
  6962 | D:7      | Reached *** piety under Okawaru
  7348 | D:7      | Killed Prince Ribbit
  7348 | D:7      | Reached skill level 1 in Spellcasting
  8010 | D:7      | Lost mutation: You have an increased reservoir of magic. (+10% MP) [potion of cure mutation]
  8010 | D:7      | Lost mutation: You are dopey. (Int -2) [potion of cure mutation]
  8010 | D:7      | Lost mutation: You are very clumsy. (Dex -4) [potion of cure mutation]
  8012 | D:7      | Lost mutation: You are clumsy. (Dex -2) [potion of mutation]
  8012 | D:7      | Gained mutation: Your body sometimes deteriorates upon taking damage. [potion of mutation]
  8012 | D:7      | Gained mutation: You expend magic power (3 MP) to strengthen your wands. [potion of mutation]
  8029 | D:8      | Reached **** piety under Okawaru
  8097 | D:8      | Reached XP level 10. HP: 77/77 MP: 11/13
  8102 | D:8      | Learned a level 2 spell: Sticks to Snakes
  8102 | D:8      | Found Badan's Magic Scroll Boutique.
  8534 | D:8      | Reached skill level 5 in Dodging
  9016 | D:8      | Reached skill level 1 in Transmutations
  9322 | D:9      | Found a runed door.
  9330 | D:9      | Noticed a deep troll earth mage
  9352 | D:9      | Noticed a deep elf mage
  9358 | D:9      | Noticed a wolf spider
  9389 | D:9      | HP: 2/79 [wolf spider (3)]
  9392 | D:9      | Slain by a wolf spider

Vault maps used:
D:1:      scummos_arrival_simple_crosswalls, serial_forest,
          infiniplex_forest_diagonal, infiniplex_forest_end_2,
          infiniplex_forest_lined_4_way, infiniplex_forest_3_way,
          infiniplex_forest_lined_4_way, infiniplex_forest_fountain,
          infiniplex_forest_straight_2
D:2:      okawaru_altar_gauntlet_db, marbit_many_paths,
          nicolae_ru_great_annihilating_truth
D:3:      lemuel_coloured_pillars_altar, serial_bayou_lagoon_a, uniq_grinder,
          uniq_sigmund
D:4:      minmay_surrounded, uniq_robin
D:5:      first_bread
D:6:      kennysheep_little_box, nicolae_overflow_hidden_temple
D:7:      bloody_makhleb, st_stairs_10, the_bakery, serial_bayou_crossing,
          uniq_prince_ribbit1
D:8:      serial_ice, serial_ice_l, serial_ice_o, serial_ice_b, serial_ice_e,
          serial_shops, shop_coins
D:9:      minivault_13

Skill      XL: |  1  2  3  4  5  6  7  8  9 10 |
---------------+-------------------------------+-----
Shields        | 4 5 6 7 |  7.8
Dodging        | 1 2 3 4 5 |  5.1
Fighting       | 4 5 6 7 |  7.1
Armour         | 4 5 6 7 |  7.0
Long Blades    | 3 4 5 6 |  6.0
Invocations    | 1 3 |  3.9
Spellcasting   | 2 |  2.2
Transmutations | 1 |  1.4

Action                   |  1- 3 |  4- 6 |  7- 9 | 10-12 || total
-------------------------+-------+-------+-------+-------++-------
Melee: Long sword        |   111 |   333 |   629 |   122 ||  1195
Invok: Heroism           |       |       |     2 |     2 ||     4
 Abil: Dig               |       |     1 |     4 |       ||     5
  Use: Potion            |     1 |     4 |     7 |     2 ||    14
       Scroll            |       |     3 |     3 |       ||     6
 Stab: Paralysed         |       |     1 |       |       ||     1
  Eat: Meat ration       |     1 |       |     1 |     1 ||     3
       Chunk             |       |     2 |    14 |       ||    16
       Bread ration      |       |       |     1 |       ||     1
       Beef jerky        |       |       |     1 |       ||     1
Armor: Scale mail        |    17 |       |       |       ||    17
       Chain mail        |    28 |   117 |   190 |    31 ||   366
       Skin              |       |    23 |       |       ||    23
Dodge: Dodged            |    29 |    70 |   147 |    26 ||   272
Block: Shield            |    52 |   135 |    73 |       ||   260
       Large shield      |       |       |   421 |   107 ||   528
